 Dungeon Crawl Stone Soup version 0.30-a0-176-gdd20fb75b6 (webtiles) character file.

Game seed: 640305828371354125

1182 RepoMan the Spear-Bearer (level 8, -2/57 HPs)
             Began as a Mummy Gladiator on Oct 2, 2022.
             Slain by a hound (4 damage)
             ... on level 6 of the Dungeon.
             The game lasted 00:33:38 (4520 turns).

RepoMan the Spear-Bearer (Mummy Gladiator)          Turns: 4520, Time: 00:33:38

Health: -2/57      AC:  5    Str: 24    XL:     8   Next: 19%
Magic:  8/8        EV: 12    Int: 17    God:
Gold:   53         SH:  0    Dex: 13    Spells: 7/7 levels left

rFire   x . .      SeeInvis +    f - +12 rapier "Owusche" {flame, *Noise rN+ Str+4 Int+4}
rCold   + . .      Faith    +    (no shield)
rNeg    + + +      Spirit   .    b - +0 leather armour
rPois   ∞          Reflect  .    c - +0 helmet
rElec   .          Harm     .    q - +0 cloak
rCorr   .          Rampage  .    (no gloves)
Will    +....                    (no boots)
Stlth   +.........               (no amulet)
HPRegen 0.29/turn                m - +6 ring of intelligence
MPRegen 0.11/turn                e - ring of see invisible

@: no status effects
A: cold resistance 1, negative energy resistance 3, torment resistance 2, heat
vulnerability 1, in touch with death 1, no potions, faith
a: no special abilities


You were on level 6 of the Dungeon.
You visited 1 branch of the dungeon, and saw 6 of its levels.

You collected 263 gold pieces.
You spent 210 gold pieces at shops.

Inventory:

Hand Weapons
 a - a +0 trident
 f - the +12 rapier "Owusche" (weapon) {flame, *Noise rN+ Str+4 Int+4}
   (You found it on level 6 of the Dungeon)

   It burns those it strikes, dealing additional fire damage.
   Str:       It affects your strength (+4).
   Int:       It affects your intelligence (+4).
   rN:        It protects you from negative energy.
   *Noise:    It may make noises in combat.
Missiles
 g - 20 stones
 l - 8 poisoned darts
 n - 3 silver boomerangs
 s - 2 boomerangs (quivered)
Armour
 b - a +0 leather armour (worn)
 c - a +0 helmet (worn)
 p - a scarf of invisibility
 q - a +0 cloak (worn)
Jewellery
 e - a ring of see invisible (right hand)
 m - a +6 ring of intelligence (left hand)
 t - a ring of ice
Wands
 d - a wand of flame (8)
Scrolls
 h - 3 scrolls of vulnerability
 i - 3 scrolls of noise
 k - a scroll of magic mapping
 r - a scroll of enchant weapon


   Skills:
 + Level 2.8 Fighting
 * Level 8.4 Polearms
 - Level 1.5 Throwing
 - Level 2.4 Dodging


You had 7 spell levels left.
You didn't know any spells.
Your spell library contained the following spells:

 Spells                   Type           Power      Damage    Failure   Level
 Slow                     Hex            0%         N/A       26%         1
 Cigotuvi's Dreadful Rot  Necr/Pois/Air  0%         N/A       38%         2
 Poisonous Vapours        Pois/Air       0%         N/A       38%         2
 Confusing Touch          Hex            0%         N/A       63%         3
 Vampiric Draining        Necr           0%         2d6       63%         3


Dungeon Overview and Level Annotations

Branches:
Dungeon (6/15)
 Temple: D:4-7

Altars:
Kikubaaqudgha
Sif Muna

Shops:
D:1 :   D:3 =   D:4 =

Annotations:
D:2 Sigmund
D:5 exclusion: 2 downstairs


Innate Abilities, Weirdness & Mutations

You are immune to poison.
Your flesh is cold resistant. (rC+)
You are immune to negative energy. (rN+++)
You are immune to unholy pain and torment.
You are vulnerable to heat. (rF-)
You are in touch with the powers of death.
You do not drink.
You have a special connection with the divine. (Faith)


Message History

You miss the water moccasin. The water moccasin bites you.
You puncture the water moccasin!
The water moccasin is moderately wounded.
The water moccasin bites you but does no damage.
You hit the water moccasin.
The water moccasin is heavily wounded.
The water moccasin barely misses you.
A vampire mosquito comes into view.
The water moccasin bites you.
Okay, then.
Unknown command.
Unknown command.
You feel stronger.
You feel clever.
The +12 rapier "Owusche" {flame, *Noise rN+ Str+4 Int+4} bursts into flame!
f - the +12 rapier "Owusche" (weapon)
{flame, *Noise rN+ Str+4 Int+4} The vampire mosquito buzzes angrily.
You miss the water moccasin.
The water moccasin is heavily wounded.
The water moccasin closely misses you. The vampire mosquito bites you!
The water moccasin misses you.
You puncture the water moccasin! You burn the water moccasin.
You kill the water moccasin!
The vampire mosquito closely misses you.
The vampire mosquito bites you. The hound misses you.
The vampire mosquito bites you but does no damage.
You barely miss the vampire mosquito. The hound bites you.
The vampire mosquito barely misses you. The hound bites you but does no damage.
The vampire mosquito bites you!
* * * LOW HITPOINT WARNING * * *
Unknown command.
Unknown command.
You barely miss the vampire mosquito. The vampire mosquito misses you.
The hound completely misses you. The vampire mosquito barely misses you.
The hound bites you.
* * * LOW HITPOINT WARNING * * *
Unknown command.
You miss the vampire mosquito. The vampire mosquito bites you!
* * * LOW HITPOINT WARNING * * *
The hound misses you. The vampire mosquito misses you. The hound bites you.
You die...

.# .#.. .## #.(# .. ...#
.. . ?... .# ..#...
........### .#...#.
..........##
.#...#.........#...
.h..............#. #
#SY............... ..
#h##.............. ...
#@# #$.#..#....##.
....####y# #..#.#.#.....
.........# #...#.#.....
.........# #..........
........########.........
.........................
........#####............
........# ########.....
....#...# #.....


You could see a vampire mosquito, an ice beast, 2 hounds and an adder.

Vanquished Creatures
  A naga (D:5)
  A water moccasin (D:6)
  2 black bears
  An ogre (D:5)
  A centaur (D:5)
  2 scorpions (D:5)
  2 wights
  2 hounds
  5 orc wizards (D:5)
  10 adders
  A worm (D:3)
  9 dart slugs
  12 orcs
  5 ball pythons
  4 endoplasms
  4 giant cockroaches
  4 goblins
  7 hobgoblins
  6 jackals
  4 quokkas
  10 bats
  5 frilled lizards
  6 kobolds
  3 rats
107 creatures vanquished.

Notes
Turn   | Place    | Note
-------+----------+-------------------------------------------
     0 | D:1      | RepoMan the Mummy Gladiator began the quest for the Orb.
     0 | D:1      | Reached XP level 1. HP: 16/16 MP: 1/1
   109 | D:1      | Found Pabb's Book Boutique.
   133 | D:1      | Reached XP level 2. HP: 15/22 MP: 2/2
   144 | D:1      | Reached skill level 3 in Polearms
   522 | D:1      | Gained mutation: You are in touch with the powers of death.
                  | [Mummy growth]
   522 | D:1      | Reached XP level 3. HP: 27/27 MP: 3/3
   581 | D:1      | Found a faded altar of an unknown god.
  1073 | D:2      | Noticed Sigmund
  1250 | D:3      | Reached skill level 4 in Polearms
  1272 | D:3      | Reached XP level 4. HP: 33/33 MP: 4/4
  1321 | D:3      | Found a shimmering blue altar of Sif Muna.
  1666 | D:3      | Found Faidghan's Jewellery Emporium.
  1965 | D:3      | Found an ancient bone altar of Kikubaaqudgha.
  2059 | D:4      | Noticed a black bear
  2075 | D:4      | Killed a black bear
  2076 | D:4      | Reached skill level 5 in Polearms
  2076 | D:4      | Reached XP level 5. HP: 26/38 MP: 5/5
  2213 | D:4      | Found Jieriafa's Jewellery Shoppe.
  2455 | D:5      | Entered Level 5 of the Dungeon
  2470 | D:5      | Noticed an ogre
  2481 | D:5      | Killed an ogre
  2482 | D:5      | Reached XP level 6. HP: 44/44 MP: 6/6
  2696 | D:5      | Noticed an orc warrior
  2699 | D:5      | Reached skill level 6 in Polearms
  2744 | D:5      | an orc warrior changed into a naga
  2744 | D:5      | Noticed a naga
  2866 | D:5      | Reached XP level 7. HP: 50/50 MP: 7/7
  3037 | D:5      | Reached skill level 7 in Polearms
  3733 | D:5      | Reached skill level 8 in Polearms
  3942 | D:3      | Bought a ring of see invisible for 210 gold pieces
  4030 | D:5      | HP: 2/50 [naga/+0 trident (6)]
  4053 | D:5      | Reached XP level 8. HP: 10/57 MP: 8/8
  4455 | D:6      | Identified the +12 rapier "Owusche" {flame, *Noise rN+
                  | Str+4 Int+4}
  4520 | D:6      | HP: 2/57 [vampire mosquito (11)]
  4520 | D:6      | Slain by a hound

Illustrated notes

Levels and vault maps discovered:
D:1:      lightli_arrival_noodles, layout_loops_ring,
          shapermc_ecumenical_altar_starsandcircs, serial_shops,
          nicolae_shop_trees, nrook_campfire, minmay_tripent
D:2:      layout_loops_ring, st_stairs_10, uniq_sigmund, uniq_crazy_yiuf_cottage
D:3:      layout_basic, mainiacjoe_overflow_swirl, serial_shops,
          nicolae_shop_behind_doors
D:4:      layout_rooms, serial_shops, kennysheep_mini_moat
D:5:      kennysheep_slugbush, layout_cave_pools
D:6:      cheibrodos_fzero, layout_rooms, serial_shops, shop

Skill      XL: |  1  2  3  4  5  6  7 |
---------------+----------------------+-----
Polearms       | 3 4 5 6 8 |  8.4
Fighting       | |  2.8
Throwing       | |  1.5
Dodging        | |  2.4

Action                   |  1- 3 |  4- 6 |  7- 9 || total
-------------------------+-------+-------+-------++-------
Melee: Trident           |   126 |   161 |   117 ||   404
       Punch             |     1 |       |       ||     1
       Rapier            |       |       |     5 ||     5
Throw: Throwing net      |     3 |     2 |     3 ||     8
       Javelin           |     1 |       |     6 ||     7
       Stone             |     1 |     5 |       ||     6
       Dart              |       |     6 |    10 ||    16
       Boomerang         |       |       |    13 ||    13
Evoke: Wand              |       |    10 |     9 ||    19
  Use: Scroll            |     4 |     4 |     2 ||    10
 Stab: Sleeping          |     2 |       |       ||     2
       Distracted        |     1 |       |       ||     1
       Held in net/web   |       |     1 |       ||     1
Armor: Leather armour    |    28 |    42 |    27 ||    97
Dodge: Dodged            |    69 |    87 |    74 ||   230

Table legend: (Time is in decaauts)
 A = Elapsed time spent in this place.
 B = Non-inter-level travel time spent in this place.
 C = Inter-level travel time spent in this place.
 D = Time resting spent in this place.
 E = Time spent auto-exploring this place.
 F = Levels seen in this place.
 G = Mean time per level.
                   A        B        C        D        E       F      G
               +--------+--------+--------+--------+--------+-----+--------+
         Total |   4558 |   4196 |    362 |    770 |   1375 |   6 |  759.7 |
       Dungeon |   4558 |   4196 |    362 |    770 |   1375 |   6 |  759.7 |
               +--------+--------+--------+--------+--------+-----+--------+

Top non-repeatable levels by time:
     D:5: 1496 daAuts
     D:1: 1000 daAuts
     D:3: 863 daAuts
     D:4: 809 daAuts
     D:2: 246 daAuts
     D:6: 141 daAuts
